 Dungeon Crawl Stone Soup version 0.18-a0-23-g19353e1 (webtiles) character file.

178 radek the Conjurer (level 5, -8/28 HPs)
             Began as a Deep Elf Conjurer on Nov 2, 2015.
             Killed from afar by an orc wizard (11 damage)
             ... with a magic dart
             ... on level 3 of the Dungeon.
             The game lasted 00:05:23 (2115 turns).

radek the Conjurer (Deep Elf Conjurer)              Turns: 2115, Time: 00:05:23

Health: -8/28      AC:  2    Str:  6    XL:     5   Next: 32%
Magic:  1/11       EV: 13    Int: 20    God:
Gold:   163        SH:  0    Dex: 15    Spells: 1 memorised, 9 levels left

rFire  . . .     SeeInvis .     k - -3 flail (curse)
rCold  . . .     Clarity  .     a - +0 robe
rNeg   . . .     SustAt   .     (no shield)
rPois  .         Gourm    .     (no helmet)
rElec  .         Spirit   .     (no cloak)
rCorr  .         Warding  .     (no gloves)
rMut   +         Stasis   .     (no boots)
MR     .....                    j - amulet of resist mutation
Stlth  ++........               (no ring)
                                (no ring)

@: very slightly contaminated, slowed, very slow, not resistant to hostile
enchantments, unstealthy
A: no striking features
a: no special abilities


You were on level 3 of the Dungeon.
You were not hungry.

You visited 1 branch of the dungeon, and saw 3 of its levels.

You collected 163 gold pieces.

Inventory:

Hand Weapons
 f - a +0 dagger
 k - a cursed -3 flail (weapon)
Armour
 a - a +0 robe (worn)
Jewellery
 j - an amulet of resist mutation (around neck)
 o - an uncursed amulet of the gourmand {unknown}
Wands
 r - a wand of flame (35)
Scrolls
 e - a scroll of recharging
 g - a scroll of fear
 n - a scroll of enchant weapon
Potions
 d - a potion of agility
 h - a potion of flight {unknown}
 i - a potion of curing {unknown}
 l - a potion of haste {unknown}
 m - a potion of lignification {unknown}
 s - a potion of brilliance {unknown}
Books
 b - a book of Conjurations

   Spells                             Type                      Level
   a - Magic Dart                     Conjuration                  1
   b - Searing Ray                    Conjuration                  2
   c - Dazzling Spray                 Conjuration/Hexes            3
   d - Fulminant Prism                Conjuration/Hexes            4
   e - Iskenderun's Mystic Blast      Conjuration                  4
   f - Iskenderun's Battlesphere      Conjuration/Charms           5
Comestibles
 c - 3 bread rations
 p - 2 meat rations
 q - 2 slices of pizza
 u - 3 fruits


   Skills:
 - Level 2.4 Dodging
 - Level 2.4 Stealth
 - Level 3.0 Spellcasting
 + Level 7.3 Conjurations


You had 9 spell levels left.
You knew the following spells:

 Your Spells              Type           Power        Failure   Level  Hunger
a - Magic Dart            Conj           ####         1%          1    None


Dungeon Overview and Level Annotations

Branches:
Dungeon (3/15)

Altars:
Qazlal


Message History

* * * LOW HITPOINT WARNING * * *
You closely miss the orc wizard.
The orc wizard is severely wounded.
The orc wizard hits you but does no damage.
The orc wizard closely misses you. The orc wizard misses you.
The orc wizard misses you.
Casting: Magic Dart
Confirm with . or Enter, or press ? or * to list all spells.
Aiming: Magic Dart
Press: ? - help, Shift-Dir - straight line, f/p - orc wizard
Aim: an orc wizard, wielding a dagger and wearing a robe (severely wounded, fast)
The magic dart hits the orc wizard.
The orc wizard is severely wounded.
The orc wizard completely misses you. The orc wizard closely misses you.
The orc wizard closely misses you.
The orc wizard gestures at you while chanting.
You resist with some effort.
The orc wizard gestures at you while chanting.
The magic dart hits you!
You die...

#.######.........#
#.##.............#
#.##.#...........#
#.##.#...........#
#.##.###.........#
#.##.# #.........#
#.##.# ###########
o #.##.### ..
#.##.@.#


o.o #.####o###########†... #.# #............?# #.# ############### #.# #..^.#
#.# #.##.# #.# #.##.# #.# #.##.# #.# #.##.# You could see an orc wizard.

Vanquished Creatures
  2 orc priests (D:3)
  3 gnolls (D:2)
  4 adders (D:2)
  2 worms
  A giant gecko (D:1)
  8 orcs
  A giant cockroach (D:3)
  2 hobgoblins (D:2)
  7 bats
  3 giant newts
  4 goblins
  8 kobolds
  8 rats
53 creatures vanquished.

Notes
Turn   | Place    | Note
--------------------------------------------------------------
     0 | D:1      | radek the Deep Elf Conjurer began the quest for the Orb.
     0 | D:1      | Reached XP level 1. HP: 10/10 MP: 6/6
   236 | D:1      | Reached XP level 2. HP: 15/15 MP: 2/8
   298 | D:1      | Reached skill level 5 in Conjurations
   867 | D:2      | Reached XP level 3. HP: 15/19 MP: 3/9
  1102 | D:2      | Reached skill level 6 in Conjurations
  1170 | D:2      | Found a stormy altar of Qazlal.
  1237 | D:2      | Reached XP level 4. HP: 24/24 MP: 5/10
  1572 | D:3      | Reached skill level 7 in Conjurations
  1572 | D:3      | Reached XP level 5. HP: 28/28 MP: 2/11
  2115 | D:3      | Killed from afar by an orc wizard

Vault maps used:
D:1:      dpeg_arrival_court
D:2:      lemuel_coloured_pillars_altar

Action                   |  1- 3 |  4- 6 || total
-------------------------+-------+-------++-------
Melee: Flail             |       |     5 ||     5
 Cast: Magic Dart        |    63 |    56 ||   119
  Use: Scroll            |       |     9 ||     9
  Eat: Chunk             |     1 |     2 ||     3
